 Dungeon Crawl Stone Soup version 0.19.0-18-g426998a (webtiles) character file.

57 HungrySpirit the Skirmisher (level 3, 0/29 HPs)
             Began as a Mummy Artificer on Nov 11, 2016.
             Slain by an adder (3 damage)
             ... on level 2 of the Dungeon.
             The game lasted 00:01:36 (1335 turns).

HungrySpirit the Skirmisher (Mummy Artificer)       Turns: 1335, Time: 00:01:38

Health: 0/29       AC:  3    Str: 16    XL:     3   Next: 73%
Magic:  5/5        EV: 11    Int: 10    God:
Gold:   74         SH:  0    Dex: 12    Spells: 0 memorised, 2 levels left

rFire  x . .     SeeInvis .     a - +0 short sword
rCold  + . .     Gourm    .     b - +0 leather armour
rNeg   + + +     Faith    .     (no shield)
rPois  ∞         Spirit   .     (no helmet)
rElec  .         Reflect  .     (no cloak)
rCorr  .         Harm     .     (no gloves)
MR     .....                    (no boots)
Stlth  +.........               (no amulet)
                                (no ring)
                                (no ring)

@: no status effects
A: no food or potions, fire vulnerability, cold resistance 1, negative energy
resistance 3, torment resistance, unbreathing
a: no special abilities


You were on level 2 of the Dungeon.
You were not hungry.

You visited 1 branch of the dungeon, and saw 2 of its levels.

You collected 74 gold pieces.

Inventory:

Hand Weapons
 a - a +0 short sword (weapon)
Armour
 b - a +0 leather armour (worn)
Wands
 c - a wand of flame (8/48)
 d - a wand of enslavement (15/24)
 e - a wand of random effects (15/48)
Scrolls
 f - 2 scrolls of teleportation {unknown}
 g - a scroll of remove curse {unknown}
 h - a scroll of noise {unknown}
 i - a scroll of fog {unknown}


   Skills:
 * Level 3.0 Fighting
 - Level 0.7 Short Blades
 - Level 1.5 Dodging
 - Level 0.7 Stealth
 + Level 3.0 Evocations


You had 2 spell levels left.
You didn't know any spells.

Dungeon Overview and Level Annotations

Branches:
Dungeon (2/15)

Altars:


Innate Abilities, Weirdness & Mutations

You do not eat or drink.
Your flesh is vulnerable to fire.
You are immune to poison.
Your flesh is cold resistant. (rC+)
You are immune to negative energy. (rN+++)
You are immune to unholy pain and torment.
You can survive without breathing.


Message History

The puff of flame hits the dart slug.
You kill the dart slug!
This wand has 10 charges left.
The adder bites you.
* * * LOW HITPOINT WARNING * * *
Evoke which item? (* to show all) (? for menu, Esc to quit)
Zapping:
c - a wand of flame (10/48)
Press: ? - help, Shift-Dir - straight line, f - adder
Aim: an adder The puff of flame hits the adder.
The adder is severely wounded.
This wand has 9 charges left.
The adder misses you.
Evoke which item? (* to show all) (? for menu, Esc to quit)
Zapping:
c - a wand of flame (9/48)
Press: ? - help, Shift-Dir - straight line, f/p - adder
Aim: an adder (severely wounded)
The puff of flame misses the adder.
The puff of flame hits the goblin.
You kill the goblin!
Your Evocations skill increases to level 3!
This wand has 8 charges left.
The adder bites you.
You die...

....# #..<.....>.. ###.#
#.....8..... #.# .....(.....
###.### ..8...8.. #.....# ......
#.....#####.# #.#.# .(..........#
#)r.# ## ......####### #S### #.
......# #@# #. ###.###
#.######### #. #.# ###...†.....#
#. #.#### .....#########.# #.
#.#.. ..##.# ##.###.### #† #.#.#
##.##.# ##........# #.
#.#.##.##.##.###....(###.#####.
...#.....##(#...........##.......
.##.#.#####.#....#.....###.######


You could see an adder and a rat.

Vanquished Creatures
  2 adders (D:2)
  A worm (D:2)
  A dart slug (D:2)
  A giant cockroach (D:1)
  6 goblins
  3 hobgoblins
  3 jackals (D:2)
  3 kobolds
  A quokka (D:2)
  A ball python (D:1)
  5 bats
  2 frilled lizards (D:1)
  3 rats
32 creatures vanquished.

Notes
Turn   | Place    | Note
-------+----------+-------------------------------------------
     0 | D:1      | HungrySpirit the Mummy Artificer began the quest for the Orb.
     0 | D:1      | Reached XP level 1. HP: 15/15 MP: 2/2
   429 | D:1      | Reached XP level 2. HP: 22/22 MP: 3/3
   863 | D:2      | Reached XP level 3. HP: 23/28 MP: 3/5
  1044 | D:2      | Found a faded altar of an unknown god.
  1335 | D:2      | Slain by an adder

Skill      XL: |  1  2  3 |
---------------+----------+-----
Fighting       | 2 3 |  3.0
Evocations     | 3 |  3.0
Short Blades   | |  0.7
Dodging        | |  1.5
Stealth        | |  0.7

Action                   || total
-------------------------++-------
Melee: Short sword       ||   130
Evoke: Wand              ||     7
Armor: Leather armour    ||    27
Dodge: Dodged            ||    91
